 Dungeon Crawl Stone Soup version 0.30-a0-297-g0ec75d9ef4 (webtiles) character file.

Game seed: 7534948778875546088

115411 freelancePsychic the Fighter (level 16, 0/107 HPs)
             Began as a Tengu Artificer on Oct 19, 2022.
             Was the Champion of Cheibriados.
             Slain by a shock serpent (10 damage)
             ... on level 1 of the Snake Pit.
             The game lasted 00:48:30 (21766 turns).

freelancePsychic the Fighter (Tengu Artificer)     Turns: 21766, Time: 00:48:30

Health: 0/107      AC: 24    Str: 27    XL:     16   Next: 68%
Magic:  14/24      EV: 38    Int: 30    God:    Cheibriados [******]
Gold:   560        SH: 16    Dex: 43    Spells: 16/23 levels left

rFire   + . .      SeeInvis .    a - +2 scimitar (elec)
rCold   + + .      Faith    .    V - +0 kite shield {rPois}
rNeg    . . .      Spirit   .    m - +1 ice dragon scales
rPois   +          Reflect  .    v - +2 hat
rElec   .          Harm     .    x - +0 cloak
rCorr   .          Rampage  .    u - +2 pair of gloves
Will    ++...                    (boots unavailable)
Stlth   ++........               X - amulet "Feage" {Fly rF+ Will+ Regen+ Dex+6}
HPRegen 1.17/turn                W - ring of the Trilobite {rF+ EV+4 Int+2}
MPRegen 0.19/turn                B - +4 ring of protection

@: lethally poisoned (0 -> -2), flying quickly and evasively, very slightly
contaminated, very slow
A: beak, talons 3, nimble flight, passive freeze, wild magic 1
a: Renounce Religion, Bend Time, Temporal Distortion, Slouch, Step From Time


You were on level 1 of the Snake Pit.
You worshipped Cheibriados.
Cheibriados was exalted by your worship.
You visited 4 branches of the dungeon, and saw 23 of its levels.
You also visited: Gauntlet.

You collected 3070 gold pieces.
You spent 2510 gold pieces at shops.

Inventory:

Hand Weapons
 a - a +2 scimitar of electrocution (weapon)
 b - a +1 scimitar of flaming
 C - the +9 demon trident of Haew Hyu {drain, Str+4}
   (You took it off a minotaur in a Gauntlet)

   A truly terrible weapon, it drains the life of any living foe it strikes.
   Str:       It affects your strength (+4).
 K - a +0 great sword
Armour
 m - +1 ice dragon scales (worn)
 u - a +2 pair of gloves (worn)
 v - a +2 hat (worn)
 x - a +0 cloak (worn)
 V - a +0 kite shield of poison resistance (worn)
Jewellery
 t - a ring of protection from fire
 B - a +4 ring of protection (right hand)
 E - a ring of protection from fire
 I - a +6 ring of dexterity
 M - the ring of Oginas {Fly rC+ Will+}
   (You found it in a Gauntlet)

   [ring of flight]

   rC:        It protects you from cold.
   Fly:       It grants you flight.
   Will:      It increases your willpower.
 N - an amulet of the acrobat
 P - a +6 ring of dexterity
 W - the ring of the Trilobite (left hand) {rF+ EV+4 Int+2}
   (You bought it in a shop on level 14 of the Dungeon)

   [ring of evasion]

   EV:        It affects your evasion (+4).
   Int:       It affects your intelligence (+2).
   rF:        It protects you from fire.
 X - the amulet "Feage" (around neck) {Fly rF+ Will+ Regen+ Dex+6}
   (You bought it in a shop on level 14 of the Dungeon)

   [amulet of regeneration]

   Dex:       It affects your dexterity (+6).
   rF:        It protects you from fire.
   Fly:       It grants you flight.
   Regen:     It increases your rate of health regeneration.
   Will:      It increases your willpower.
Wands
 c - a wand of flame (33) (quivered)
 d - a wand of charming (5)
 k - a wand of quicksilver (13)
 F - a wand of paralysis (22)
 S - a wand of digging (2)
 T - a wand of mindburst (22)
 U - a wand of iceblast (8)
Scrolls
 e - a scroll of brand weapon
 f - 5 scrolls of blinking
 g - 3 scrolls of vulnerability
 l - 10 scrolls of teleportation {@r4}
 n - 6 scrolls of enchant weapon
 p - 3 scrolls of immolation
 w - 2 scrolls of amnesia
 y - 2 scrolls of torment
 G - 3 scrolls of butterflies
 O - 9 scrolls of identify {@r1}
 R - 3 scrolls of enchant armour
Potions
 h - 8 potions of curing {@q1}
 i - 2 potions of invisibility {unknown}
 j - a potion of brilliance {unknown}
 o - 2 potions of lignification
 q - 4 potions of heal wounds {@q2}
 r - 4 potions of magic
 z - 10 potions of mutation
 A - 3 potions of berserk rage
 D - a potion of flight
 H - 2 potions of cancellation
 L - a potion of ambrosia {unknown}
 Q - 3 potions of attraction {unknown}
 Y - 2 potions of might
 Z - a potion of resistance {unknown}
Miscellaneous
 J - a condenser vane


   Skills:
 - Level 14.7 Fighting
 - Level 14.0 Long Blades
 - Level 0.4 Maces & Flails
 - Level 8.8 Armour
 - Level 13.7 Dodging
 - Level 2.3 Stealth
 - Level 5.8 Shields
 + Level 4.1 Spellcasting
 + Level 10.6 Conjurations
 + Level 5.2 Transmutations
 - Level 9.8 Invocations
 - Level 6.0 Evocations


You had 16 spell levels left.
You knew the following spells:

 Your Spells              Type           Power      Damage    Failure   Level
a - Wereblood             Tmut           48%        N/A       12%         2
h - Irradiate             Conj/Tmut      31%        3d22      50%         5

Your spell library contained the following spells:

 Spells                   Type           Power      Damage    Failure   Level
 Beastly Appendage        Tmut           96%        N/A       8%          1
 Shock                    Conj/Air       100%       1d9       8%          1
 Dazzling Flash           Conj/Hex       98%        N/A       21%         3
 Hailstorm                Conj/Ice       49%        3d11      21%         3
 Apportation              Tloc           16%        N/A       47%         1
 Necrotise                Necr           32%        1d5       47%         1
 Summon Small Mammal      Summ           32%        N/A       47%         1
 Spider Form              Tmut/Pois      28%        N/A       47%         3
 Iskenderun's Mystic Bla  Conj/Tloc      49%        2d11      50%         4
 Sublimation of Blood     Necr           8%         N/A       61%         2
 Frozen Ramparts          Ice            16%        1d3       83%         3
 Ozocubu's Armour         Ice            8%         N/A       83%         3
 Portal Projectile        Hex/Tloc       16%        N/A       83%         3
 Swiftness                Air            8%         N/A       83%         3
 Tukima's Dance           Hex            8%         N/A       83%         3
 Lightning Bolt           Conj/Air       24%        1d40      83%         5
 Ice Form                 Ice/Tmut       28%        N/A       86%         4
 Petrify                  Tmut/Erth      28%        N/A       86%         4
 Blade Hands              Tmut           24%        N/A       86%         5
 Airstrike                Air            4%         2d(1-17)  99%         4
 Summon Ice Beast         Ice/Summ       8%         N/A       99%         4
 Summon Lightning Spire   Summ/Air       8%         N/A       99%         4
 Simulacrum               Ice/Necr       4%         N/A       100%        6
 Starburst                Conj/Fire      24%        6d8       100%        6
 Malign Gateway           Summ/Tloc      4%         N/A       100%        7
 Ozocubu's Refrigeration  Ice            4%         4d8       100%        7
 Summon Horrible Things   Summ           4%         N/A       100%        8


Dungeon Overview and Level Annotations

Branches:
Dungeon (15/15)            Temple (0/1) D:7            Lair (5/5) D:10
  Swamp (0/4) Lair:3        Snake (1/4) Lair:3          Orc (2/2) D:11
    Elf (0/3) Orc:2        Vaults (0/5) D:13         Depths (0/4) D:15
Gauntlet (visited)
  Slime: Lair:4-5

Altars:
Ashenzari
Cheibriados
Elyvilon
Hepliaklqana
Kikubaaqudgha
Qazlal
Ru
Jiyva

Shops:
D:8 *   D:12 ?   D:14 =   Orc:2 [[=([   Snake:1 :=:

Annotations:
D:5 exclusion: yak
D:7 2 transporters
D:12 1 runed translucent door
Lair:5 exclusion: 2 oklob plants


Innate Abilities, Weirdness & Mutations

You have a beak for a mouth.
You have claws for feet.
Your magical nature lets you fly swiftly and evasively.
A frigid envelope surrounds you and freezes all who hurt you.
Your spells are a little harder to cast, but a little more powerful.


Message History

The shock serpent's electric aura discharges, shocking you!
You feel sick.
You are more poisoned.
The naga mage completely misses you. The shock serpent closely misses you.
You block the naga ritualist's attack.
Aiming: Quicksilver Bolt
Press: ? - help, Shift-Dir - straight line, f/p - shock serpent
Aim: a shock serpent (heavily wounded, 57% to hit)
The bolt of dispelling energy misses the shock serpent.
The bolt of dispelling energy hits the naga mage!
The naga mage is almost dead.
The bolt of dispelling energy hits the naga sharpshooter!!
The naga sharpshooter is severely wounded.
You feel sick.
You are more poisoned.
The naga ritualist's toxic aura wanes.
The shock serpent bites you! The shock serpent shocks you!
* * * LOW HITPOINT WARNING * * *
The shock serpent is very cold.
The shock serpent seems to slow down.
The shock serpent is heavily wounded.
The naga sharpshooter casts a spell.
The naga sharpshooter magically shoots an arrow.
You block the arrow. The naga mage barely misses you.
You block the naga ritualist's attack.
The shock serpent completely misses you.
Activating: Slouch (1% risk of failure)
Press: ? - help, Dir - look around, f - activate You can feel time thicken for a moment.
You kill the naga mage!
Cheibriados appreciates the change of pace.
The shock serpent's electric aura discharges, shocking you!
* * * LOW HITPOINT WARNING * * *
You feel sick.
The naga sharpshooter gestures wildly while chanting.
The naga sharpshooter magically shoots an arrow.
You block the arrow. The naga ritualist closely misses you.
The shock serpent bites you.
* * * LOW HITPOINT WARNING * * *
The shock serpent shocks you!
You die...

## .## ..### .
....#### ..
##.....##### ...
###.......### ....
###.......#####
N....
####........#N.....
####..$.@S)N....
######.....^.
#######


You could see a naga sharpshooter, a naga ritualist, a shock serpent (slow) and
a naga.

Vanquished Creatures
  A sphinx (D:14)
  Kirke (Lair:4)
  A storm dragon (D:14)
  The ghost of Jouseb the Carver, a journeyman TrBe of Trog (D:15)
  An orc warlord (Orc:2)
  A dire elephant (Lair:5)
  A minotaur (Gauntlet)
  2 ettins
  An ice dragon (Lair:5)
  An ogre mage (D:15)
  A vault guard (D:13)
  8 hydras
  3 naga warriors (Snake:1)
  An anaconda (Snake:1)
  6 boulder beetles
  3 catoblepae
  A death scarab (Gauntlet)
  4 centaur warriors
  11 death yaks
  5 two-headed ogres
  Erica (D:11)
  3 orc high priests
  A shock serpent (Snake:1)
  A naga sharpshooter (Snake:1)
  Amaemon (Lair:1)
  A skeletal warrior (D:15)
  A fire crab (Lair:4)
  A spectral catoblepas (Gauntlet)
  2 naga ritualists (Snake:1)
  A deep elf zephyrmancer (D:14)
  A necromancer (D:15)
  A tengu zombie (D:15)
  4 deep elf pyromancers
  A sphinx zombie (D:15)
  4 lindwurms (Lair:5)
  A phantasmal warrior (D:15)
  5 mana vipers (Snake:1)
  10 ugly things
  5 orc sorcerers
  2 manticores (Lair:5)
  8 cyclopes
  A stone giant zombie (D:15)
  A stone giant skeleton (D:15)
  3 naga magi (Snake:1)
  17 elephants
  Joseph (D:7)
  19 black mambas
  An orange demon (Lair:1)
  6 torpor snails
  8 cane toads
  5 kobold demonologists
  An unseen horror (D:12)
  3 rime drakes
  A gargoyle (D:14)
  8 komodo dragons
  A yaktaur (D:14)
  An efreet (D:14)
  A guardian mummy (D:15)
  8 trolls
  4 polar bears
  8 hornets (Lair:5)
  16 blink frogs
  4 tyrant leeches
  A raiju (Gauntlet)
  15 dream sheep
  5 slime creatures
  7 wyverns
  5 wraiths
  26 yaks
  6 shadows
  5 hogs (Lair:4)
  A human (D:11)
  4 basilisks
  12 vampire mosquitoes
  4 steam dragons
  7 nagas (Snake:1)
  4 wargs
  5 acid dragons
  12 water moccasins
  5 swamp worms
  2 ice beasts
  38 orc warriors
  13 ogres
  8 wolves (Lair:5)
  3 centaurs
  A lemure (D:7)
  A phantom (D:4)
  4 kobold brigands
  A necrophage (D:8)
  Blork the orc (D:4)
  4 scorpions
  8 bullfrogs
  A gnoll sergeant (D:10)
  3 wights (D:8)
  15 killer bees
  An electric eel (D:15)
  10 howler monkeys
  2 jellies
  3 hounds
  Crazy Yiuf (D:7)
  30 orc priests
  A gnoll bouda (D:9)
  4 iguanas
  32 orc wizards
  7 gnolls
  8 adders
  A shadow imp (D:6)
  2 white imps
  2 ufetubi
  A worm (D:2)
  3 dart slugs
  114 orcs
  2 bats
  4 endoplasms
  6 giant cockroaches
  9 goblins
  10 hobgoblins
  5 quokkas
  10 ball pythons
  3 frilled lizards
  24 kobolds
  2 rats
751 creatures vanquished.

Vanquished Creatures (collateral kills)
  2 orcs (D:7)
2 creatures vanquished.

Vanquished Creatures (others)
  Pikel (D:7)
  A komodo dragon (Lair:5)
  An orc warrior (D:7)
  An orc wizard (D:10)
  A gnoll (D:9)
  A demonic plant (Gauntlet)
  9 fungi
  13 plants
  10 withered plants (D:15)
38 creatures vanquished.

Grand Total: 791 creatures vanquished

Notes
Turn   | Place    | Note
-------+----------+-------------------------------------------
     0 | D:1      | freelancePsychic the Tengu Artificer began the quest for
                  | the Orb.
     0 | D:1      | Reached XP level 1. HP: 12/12 MP: 2/2
   274 | D:1      | Found a faded altar of an unknown god.
   364 | D:1      | Reached XP level 2. HP: 14/16 MP: 3/3
   726 | D:2      | Reached XP level 3. HP: 21/21 MP: 4/4
  1006 | D:2      | Reached XP level 4. HP: 16/27 MP: 5/5
  1511 | D:3      | Reached skill level 1 in Long Blades
  1552 | D:3      | Gained mutation: Your magical nature lets you fly swiftly
                  | and evasively. [Tengu growth]
  1552 | D:3      | Reached XP level 5. HP: 26/32 MP: 6/6
  2040 | D:4      | Noticed Blork the orc
  2044 | D:4      | Killed Blork the orc
  2045 | D:4      | Reached XP level 6. HP: 20/37 MP: 7/7
  2527 | D:4      | Reached XP level 7. HP: 32/43 MP: 8/8
  2612 | D:4      | Found a white marble altar of Elyvilon.
  2615 | D:4      | Found a snail-covered altar of Cheibriados.
  2749 | D:4      | Became a worshipper of Cheibriados the Contemplative
  2792 | D:5      | Entered Level 5 of the Dungeon
  2939 | D:5      | Noticed a yak
  3154 | D:5      | Reached skill level 5 in Long Blades
  3583 | D:5      | Noticed a yak
  3583 | D:5      | Noticed a yak
  3645 | D:6      | Reached XP level 8. HP: 48/48 MP: 9/9
  3714 | D:6      | Reached skill level 5 in Fighting
  3714 | D:6      | Reached skill level 5 in Dodging
  3803 | D:6      | Found a sacrificial altar of Ru.
  3819 | D:6      | Noticed a wyvern
  3828 | D:6      | Killed a wyvern
  3828 | D:6      | Reached * piety under Cheibriados
  4581 | D:7      | Found a transporter.
  4602 | D:7      | Found a hazy altar of Hepliaklqana.
  4617 | D:7      | Noticed Pikel
  4651 | D:7      | Your ally Pikel died
  4655 | D:7      | Reached XP level 9. HP: 39/55 MP: 10/10
  4675 | D:7      | Found an ancient bone altar of Kikubaaqudgha.
  4831 | D:7      | Found a staircase to the Ecumenical Temple.
  4940 | D:7      | Noticed Joseph
  4962 | D:7      | Killed Joseph
  5104 | D:7      | Found a transporter.
  5298 | D:7      | Found a runed translucent door.
  5299 | D:7      | Noticed Crazy Yiuf
  5307 | D:7      | Killed Crazy Yiuf
  5356 | D:8      | Reached ** piety under Cheibriados
  5390 | D:8      | Identified the +1 robe of the Harvest {Str-4 Dex+4}
  5402 | D:8      | Noticed a centaur warrior
  5412 | D:8      | Killed a centaur warrior
  5604 | D:8      | Found Jagoj's Elemental Accessories.
  5818 | D:8      | Reached skill level 10 in Long Blades
  5830 | D:8      | Reached XP level 10. HP: 18/63 MP: 11/11
  6002 | D:8      | Reached skill level 1 in Invocations
  6439 | D:8      | Reached *** piety under Cheibriados
  7149 | D:9      | Found a broken altar of Ashenzari.
  7519 | D:10     | Entered Level 10 of the Dungeon
  7525 | D:10     | Reached **** piety under Cheibriados
  7561 | D:10     | Found a stormy altar of Qazlal.
  7646 | D:10     | Noticed a kobold demonologist
  7656 | D:10     | Noticed an orange demon
  7657 | D:10     | Noticed a kobold demonologist
  7665 | D:10     | Noticed an orange demon
  7665 | D:10     | Killed a kobold demonologist
  7670 | D:10     | Killed a kobold demonologist
  7800 | D:10     | Reached XP level 11. HP: 67/67 MP: 13/13
  7877 | D:10     | Found a staircase to the Lair.
  7897 | D:10     | Reached ***** piety under Cheibriados
  8300 | D:11     | Noticed a white ugly thing
  8308 | D:11     | Killed a white ugly thing
  8388 | D:11     | Found a gate leading to a gauntlet.
  8391 | D:11     | Noticed Erica
  8397 | Gauntlet | Entered a Gauntlet
  8397 | Gauntlet | Noticed a death scarab
  8397 | Gauntlet | Found a transporter.
  8397 | Gauntlet | Found a transporter.
  8397 | Gauntlet | Found a transporter.
  8398 | Gauntlet | Noticed a spectral catoblepas
  8403 | Gauntlet | Noticed a spectral death yak
  8435 | Gauntlet | Noticed a death scarab
  8489 | Gauntlet | Found a transporter.
  8501 | Gauntlet | Found a transporter.
  8503 | Gauntlet | Found a transporter.
  8511 | Gauntlet | Found a transporter.
  8531 | Gauntlet | Noticed a red ugly thing
  8532 | Gauntlet | Found a transporter.
  8534 | Gauntlet | Noticed a great orb of eyes
  8547 | Gauntlet | Found a transporter.
  8550 | Gauntlet | Found a transporter.
  8555 | Gauntlet | Noticed a worldbinder
  8558 | Gauntlet | Found a transporter.
  8561 | Gauntlet | Found a transporter.
  8677 | Gauntlet | Killed a death scarab
  8680 | Gauntlet | Killed a spectral catoblepas
  8730 | Gauntlet | Identified the ring of Oginas {Fly rC+ Will+}
  8880 | Gauntlet | Identified the +9 demon trident of Haew Hyu {drain, Str+4}
  8880 | Gauntlet | Noticed a minotaur
  8889 | Gauntlet | Killed a minotaur
  8890 | Gauntlet | Reached skill level 5 in Invocations
  8946 | Gauntlet | Identified the ring "Ruall" {Fire Int+3}
  8956 | Gauntlet | Identified the +5 short sword of the Grave {vorpal, Will+
                  | rCorr}
  8969 | D:11     | Gained mutation: Your spells are a little harder to cast,
                  | but a little more powerful. [potion of mutation]
  8969 | D:11     | Gained mutation: A frigid envelope surrounds you and
                  | freezes all who hurt you. [potion of mutation]
  8975 | D:11     | Killed Erica
  9149 | D:11     | Reached XP level 12. HP: 43/75 MP: 8/17
  9325 | D:11     | Found a staircase to the Orcish Mines.
  9745 | D:12     | Noticed a boulder beetle
  9754 | D:12     | Killed a boulder beetle
  9877 | D:12     | Noticed a two-headed ogre
  9884 | D:12     | Killed a two-headed ogre
 10229 | D:12     | Found Kusseiko's Magic Scroll Emporium.
 10242 | D:12     | Bought a scroll of teleportation for 39 gold pieces
 10242 | D:12     | Bought a scroll of blinking for 97 gold pieces
 10242 | D:12     | Bought a scroll of teleportation for 39 gold pieces
 10242 | D:12     | Bought a scroll of enchant weapon for 97 gold pieces
 10381 | D:12     | Reached skill level 10 in Dodging
 10553 | D:12     | Found a runed translucent door.
 10601 | D:13     | Noticed a five-headed hydra
 10611 | D:13     | Killed a one-headed hydra
 10717 | D:13     | Reached skill level 10 in Fighting
 10806 | Lair:1   | Entered Level 1 of the Lair of Beasts
 10806 | Lair:1   | Noticed Amaemon
 10823 | Lair:1   | Killed Amaemon
 10824 | Lair:1   | Reached XP level 13. HP: 53/82 MP: 14/20
 11696 | Lair:2   | Reached skill level 5 in Armour
 12321 | Lair:2   | Reached skill level 5 in Evocations
 12499 | Lair:3   | Reached ****** piety under Cheibriados
 12881 | Lair:3   | Reached XP level 14. HP: 91/91 MP: 22/22
 12949 | Lair:3   | Found a staircase to the Snake Pit.
 13503 | Lair:3   | Found a staircase to the Swamp.
 13743 | Lair:4   | Noticed Kirke
 14073 | Lair:4   | Killed Kirke
 14199 | Lair:4   | Identified the +0 ring mail "Vagis" {rCorr}
 14668 | Lair:5   | Entered Level 5 of the Lair of Beasts
 15302 | Lair:5   | Noticed a dire elephant
 15311 | Lair:5   | Killed a dire elephant
 15312 | Lair:5   | Reached XP level 15. HP: 92/100 MP: 23/23
 15572 | Lair:5   | Found a viscous altar of Jiyva.
 15807 | Lair:5   | Found a runed translucent door.
 15835 | Lair:5   | Reached skill level 1 in Conjurations
 17193 | D:13     | Found a gate to the Vaults.
 17519 | D:14     | Noticed a storm dragon
 17519 | D:14     | Noticed a sphinx
 17531 | D:14     | Killed a storm dragon
 17532 | D:14     | Reached skill level 5 in Conjurations
 17534 | D:14     | Killed a sphinx
 17725 | D:14     | Learned a level 5 spell: Irradiate
 17783 | D:14     | Found a transporter.
 17793 | D:14     | Found a transporter.
 17811 | D:14     | Reached skill level 1 in Shields
 17816 | D:14     | Reached skill level 1 in Transmutations
 18074 | D:14     | You are sucked into a shaft and drop 1 floor!
 18074 | D:15     | Entered Level 15 of the Dungeon
 18192 | D:15     | Found a staircase to the Depths.
 18445 | D:15     | Identified a scroll of acquirement
 18494 | D:14     | Found Qayblaf's Jewellery Shoppe.
 18502 | D:14     | Bought the amulet "Feage" {Fly rF+ Will+ Regen+ Dex+6} for
                  | 1093 gold pieces
 19017 | D:15     | Noticed Jouseb's ghost (journeyman TrBe)
 19222 | D:15     | Reached XP level 16. HP: 107/107 MP: 24/24
 19353 | D:15     | Found a runed translucent door.
 19562 | D:15     | Killed Jouseb's ghost
 19666 | Orc:1    | Entered Level 1 of the Orcish Mines
 19698 | Orc:1    | Reached skill level 5 in Shields
 19835 | Orc:2    | Entered Level 2 of the Orcish Mines
 19836 | Orc:2    | Found a staircase to the Elven Halls.
 20063 | Orc:2    | Reached skill level 1 in Spellcasting
 20163 | Orc:2    | Found Nubaf's Antique Armour Emporium.
 20165 | Orc:2    | Found Iggaloew's Antique Weapon Shoppe.
 20178 | Orc:2    | Bought a runed scarf for 224 gold pieces
 20268 | Orc:2    | Found Gylu's Antique Armour Shop.
 20681 | Orc:2    | Found Ropuanni's Jewellery Boutique.
 20772 | Orc:2    | Found Moavif's Armour Shoppe.
 20940 | Orc:2    | Acquired 631 gold pieces
 21032 | D:14     | Bought the ring of the Trilobite {rF+ EV+4 Int+2} for 921
                  | gold pieces
 21038 | D:14     | Learned a level 2 spell: Wereblood
 21251 | Snake:1  | Entered Level 1 of the Snake Pit
 21386 | Snake:1  | Reached skill level 10 in Conjurations
 21518 | Snake:1  | Found Fawe's Book Emporium.
 21519 | Snake:1  | Found Kauloc's Jewellery Boutique.
 21521 | Snake:1  | Found Mipow's Book Emporium.
 21682 | Snake:1  | Reached skill level 5 in Transmutations
 21766 | Snake:1  | Slain by a shock serpent

Illustrated notes

Levels and vault maps discovered:
D:1:      dpeg_arrival_tiny_a, layout_loops_ring,
          hellmonk_ecumenical_altar_prayer_group, minmay_misc_feat_tower,
          grunt_decor_junction
D:2:      layout_rooms
D:3:      layout_basic
D:4:      layout_rooms, chequers_temple_overflow_statue_of_worship,
          uniq_blork_the_orc
D:5:      layout_loops_ring
D:6:      wad_crossroads, layout_basic, nicolae_ru_the_path_less_chosen
D:7:      gammafunk_cloud_chamber, layout_rooms, kiku_gazebo_garden_becter,
          mainiacjoe_overflow_concentric_impassable, minmay_temple_entry_grid,
          dk_noncrumbling_4, uniq_pikel, uniq_joseph, uniq_crazy_yiuf_cottage
D:8:      minmay_opposing_rooms, layout_rooms, nicolae_elemental_shop, eino_jars
D:9:      layout_small_grid, lemuel_doored_altar
D:10:     layout_cave_pools, mainiacjoe_overflow_paths,
          erik_lair_orcish_takeover
D:11:     layout_rooms, erik_orc_4, gauntlet_entry_generic, uniq_erica
D:12:     gammafunk_mikee_crab_dinner, layout_loops_ring, serial_shops, shop
D:13:     layout_cross, david_vaults_5
D:14:     gammafunk_the_bubble [the_bubble_gammafunk_crates],
          layout_irregular_city, serial_shops, shop_fountains, minmay_radiant
D:15:     gammafunk_depths_entry_grave, layout_loops_ring,
          hellmonk_ghost_happy_afterlife, nrook_pool_corridor
Lair:1:   layout_chaotic_city, grunt_megastairs_5, lemuel_fruit_fields,
          uniq_amaemon
Lair:2:   layout_chaotic_city, lemuel_fruit_tree, grunt_megastairs_3,
          lemuel_fruit_fields
Lair:3:   layout_cave_pods, palyth_hydra_swamp_entry, dummy_snake_entry
Lair:4:   layout_cave_pods, infiniplex_staircase_pool, uniq_kirke
Lair:5:   wormcave, layout_cave_pods, hangedman_lair_in_review,
          minmay_slime_entry_oklob_open
Snake:1:  layout_onion, minmay_shop_grove
Orc:1:    layout_caves
Orc:2:    grunt_orc_community_town_hall, layout_diamond_mine,
          grunt_orc_community_big_house_2, grunt_orc_community_big_house_2,
          grunt_orc_community_house_2, grunt_orc_community_house_3,
          grunt_orc_community_house_1, grunt_orc_community_house_2,
          grunt_orc_community_house_1, grunt_orc_community_house_2,
          serial_shops, shop, basic_altar

Skill      XL: |  1  2  3  4  5  6  7  8  9 10 11 12 13 14 15 16 |
---------------+-------------------------------------------------+-----
Stealth        | 2 |  2.3
Fighting       | 2 3 4 5 7 8 10 11 14 | 14.7
Dodging        | 2 3 4 6 7 8 10 12 13 | 13.7
Long Blades    | 1 2 4 5 7 10 13 14 | 14.0
Invocations    | 1 6 9 |  9.8
Armour         | 3 7 8 |  8.8
Evocations     | 6 |  6.0
Conjurations   | 8 10 | 10.6
Shields        | 4 5 |  5.8
Transmutations | 3 5 |  5.2
Spellcasting   | 4 |  4.1
Maces & Flails | |  0.4

Action                   |  1- 3 |  4- 6 |  7- 9 | 10-12 | 13-15 | 16-18 || total
-------------------------+-------+-------+-------+-------+-------+-------++-------
Melee: Dagger            |    15 |       |       |       |       |       ||    15
       Peck              |    10 |    21 |    59 |   110 |   209 |   113 ||   522
       Whip              |    61 |    61 |       |       |       |       ||   122
       Kick              |    18 |    36 |    79 |   163 |   325 |   174 ||   795
       Punch             |       |     1 |     5 |    11 |    10 |       ||    27
       Long sword        |       |    72 |   113 |       |       |       ||   185
       Short sword       |       |       |    98 |       |       |       ||    98
       Scimitar          |       |       |    11 |   473 |   710 |   451 ||  1645
Invok: Slouch            |       |       |       |     3 |     6 |     1 ||    10
       Bend Time         |       |       |       |       |     2 |       ||     2
Evoke: Wand              |     1 |     9 |    21 |    19 |    20 |     2 ||    72
       Condenser vane    |       |       |       |     1 |     2 |     1 ||     4
  Use: Scroll            |     1 |     6 |     8 |     9 |     1 |     1 ||    26
       Potion            |       |     1 |     5 |     4 |     2 |       ||    12
 Stab: Sleeping          |     4 |     6 |     4 |     2 |     2 |     1 ||    19
       Distracted        |       |     1 |       |     2 |     1 |       ||     4
       Confused          |       |       |       |       |       |    11 ||    11
Armor: Leather armour    |    18 |    12 |       |       |       |       ||    30
       Ring mail         |       |    32 |    57 |    70 |       |       ||   159
       Ice dragon scales |       |       |       |    18 |   195 |    50 ||   263
       Skin              |       |       |       |     2 |       |       ||     2
       Steam dragon scal |       |       |       |    18 |     1 |       ||    19
Dodge: Dodged            |    39 |    89 |   155 |   420 |   734 |   368 ||  1805
Block: Other             |     1 |    40 |    49 |    91 |   122 |       ||   303
       Reflection        |       |     2 |     2 |     6 |     1 |       ||    11
       Kite shield       |       |       |       |       |   105 |   391 ||   496

Table legend: (Time is in decaauts)
 A = Elapsed time spent in this place.
 B = Non-inter-level travel time spent in this place.
 C = Inter-level travel time spent in this place.
 D = Time resting spent in this place.
 E = Time spent auto-exploring this place.
 F = Levels seen in this place.
 G = Mean time per level.
                   A        B        C        D        E       F      G
               +--------+--------+--------+--------+--------+-----+--------+
         Total |  30349 |  28146 |   2203 |    849 |  22228 |  24 | 1264.5 |
       Dungeon |  17212 |  15914 |   1298 |    799 |  12158 |  15 | 1147.5 |
          Lair |   9433 |   8641 |    792 |      0 |   7503 |   5 | 1886.6 |
     Snake Pit |    793 |    793 |      0 |      0 |    593 |   1 |  793.0 |
  Orcish Mines |   2140 |   2030 |    110 |      0 |   1560 |   2 | 1070.0 |
      Gauntlet |    770 |    770 |      0 |     50 |    413 |   1 |  770.0 |
               +--------+--------+--------+--------+--------+-----+--------+

Top non-repeatable levels by time:
  Lair:5: 2931 daAuts
  Lair:3: 2140 daAuts
   Orc:2: 1872 daAuts
    D:14: 1853 daAuts
  Lair:4: 1787 daAuts
    D:15: 1524 daAuts
     D:8: 1507 daAuts
    D:12: 1499 daAuts
    D:11: 1454 daAuts
  Lair:1: 1307 daAuts
     D:9: 1275 daAuts
    D:13: 1269 daAuts
  Lair:2: 1266 daAuts
     D:6: 1183 daAuts
    D:10: 1060 daAuts
